 Dungeon Crawl Stone Soup version 0.17-a0-2055-gb4e23be (webtiles) character file.

383 tp1 the Magician (level 6, -1/32 HPs)
             Began as a Deep Elf Conjurer on Oct 11, 2015.
             Slain by a gnoll
             ... wielding a +0 halberd
              (3 damage)
             ... on level 3 of the Dungeon.
             The game lasted 00:28:56 (3784 turns).

tp1 the Magician (Deep Elf Conjurer)                Turns: 3784, Time: 00:28:56

Health: -1/32      AC:  8    Str:  5    XL:     6   Next: 47%
Magic:  15/18      EV:  9    Int: 22    God:
Gold:   157        SH:  0    Dex: 17    Spells: 3 memorised, 10 levels left

rFire  . . .     SeeInvis .     (no weapon)
rCold  . . .     Clarity  .     a - +0 leather armour
rNeg   . . .     SustAt   .     (no shield)
rPois  .         Gourm    .     q - +2 helmet
rElec  .         Spirit   .     l - +0 cloak
rCorr  .         Warding  .     (no gloves)
rMut   .         Stasis   .     t - +0 pair of boots
MR     .....                    (no amulet)
Stlth  +++.......               x - +2 ring of dexterity
                                d - ring of stealth

@: constricted, not resistant to hostile enchantments, fairly stealthy
A: no striking features
a: no special abilities


You were on level 3 of the Dungeon.
You were not hungry.

You visited 1 branch of the dungeon, and saw 3 of its levels.

You collected 157 gold pieces.

Inventory:

Armour
 a - a +0 leather armour (worn)
 l - a +0 cloak (worn)
 q - a +2 helmet (worn)
 t - a +0 pair of boots (worn)
 y - a +0 leather armour
Jewellery
 d - a ring of stealth (left hand)
 x - a +2 ring of dexterity (right hand)
Wands
 s - a wand of flame (18)
Scrolls
 e - a scroll of fog {unknown}
 h - a scroll of noise {unknown}
 n - a scroll of enchant weapon {unknown}
 r - a scroll of identify {unknown}
Potions
 i - 2 potions of agility {unknown}
 k - a potion of haste {unknown}
 m - a potion of lignification {unknown}
 o - 2 potions of cure mutation {unknown}
 p - a potion of heal wounds {unknown}
 u - a potion of poison {unknown}
 v - a potion of might {unknown}
 w - a potion of invisibility {unknown}
Books
 b - a book of Conjurations

   Spells                             Type                      Level
   a - Magic Dart                     Conjuration                  1
   b - Searing Ray                    Conjuration                  2
   c - Dazzling Spray                 Conjuration/Hexes            3
   d - Fulminant Prism                Conjuration/Hexes            4
   e - Iskenderun's Mystic Blast      Conjuration                  4
   f - Iskenderun's Battlesphere      Conjuration/Charms           5
Comestibles
 c - 2 bread rations
 f - 2 meat rations
 g - a beef jerky
 j - 4 chunks of flesh


   Skills:
 - Level 2.7 Dodging
 - Level 2.6 Stealth
 - Level 7.0 Spellcasting
 + Level 5.1 Conjurations
 - Level 5.1 Charms


You had 10 spell levels left.
You knew the following spells:

 Your Spells              Type           Power        Failure   Level  Hunger
a - Magic Dart            Conj           ####         1%          1    None
b - Dazzling Spray        Conj/Hex       ###.....     17%         3    None
c - Iskenderun's Battles  Conj/Chrm      ####....     56%         5    #####..


Dungeon Overview and Level Annotations

Branches:
Dungeon (3/15)

Altars:
Ashenzari
Dithmenos
Gozag


Message History

The gnoll is severely wounded.
The quokka bites you.
The ball python bites you but does no damage.
The ball python constricts you.
The gnoll hits you from afar with a halberd!
* * * LOW HITPOINT WARNING * * *
The quokka twitches its whiskers.
The quokka closely misses you.
Casting: Magic Dart
Confirm with . or Enter, or press ? or * to list all spells.
Aiming: Magic Dart
Press: ? - help, Shift-Dir - straight line, f/p - gnoll
Aim: a gnoll, wielding a flail (severely wounded)
The magic dart hits the gnoll.
You kill the gnoll!
The ball python bites you.
* * * LOW HITPOINT WARNING * * *
The ball python constricts you.
The gnoll hits you from afar with a halberd.
You die...

#.##...###.## ###.#
#............ ..(.#
####...###.## #.... ##.## #.#
#)#.# #.# #.# #.#.# #.# #.#
#.#$# ##### #.# #.# ####.#.#
##..g. #.#
##.#######g>....####..... #.#
#.......@).###...........
#.###......rS#.# #....g#.....
#.#.......##.#.###....##....#
#.................†.....S....
###....)..##.###......##...##
###..÷.###.# ##.....####.#
#....# #.######)######.##
###<## #.##...#......†.†. #.#
#....).#..#####...


You could see a gnoll, a quokka and a ball python.

Vanquished Creatures
  A giant frog (D:3)
  A hound (D:3)
  Natasha (thrice) (D:3)
  Robin (D:2)
  6 gnolls (D:3)
  8 adders
  2 oozes (D:1)
  3 worms
  A giant gecko (D:1)
  A ball python (D:1)
  6 bats
  3 giant cockroaches
  13 hobgoblins
  15 jackals
  4 kobolds
  2 quokkas
  6 giant newts
  19 goblins
  13 rats
108 creatures vanquished.

Notes
Turn   | Place    | Note
--------------------------------------------------------------
     0 | D:1      | tp1 the Deep Elf Conjurer began the quest for the Orb.
     0 | D:1      | Reached XP level 1. HP: 10/10 MP: 6/6
   257 | D:1      | Reached XP level 2. HP: 15/15 MP: 1/8
   636 | D:1      | Reached XP level 3. HP: 19/19 MP: 4/10
   877 | D:2      | Learned a level 3 spell: Dazzling Spray
   939 | D:2      | Reached skill level 5 in Spellcasting
  1097 | D:2      | Noticed Robin
  1128 | D:1      | Reached XP level 4. HP: 15/24 MP: 1/13
  1691 | D:2      | Found an opulent altar of Gozag.
  1786 | D:2      | Reached skill level 6 in Spellcasting
  1938 | D:2      | Killed Robin
  2033 | D:2      | Found a shattered altar of Ashenzari.
  2324 | D:2      | Found an opulent altar of Gozag.
  2660 | D:2      | Found a shadowy altar of Dithmenos.
  2719 | D:2      | Found an opulent altar of Gozag.
  2912 | D:3      | Noticed Natasha
  2917 | D:3      | Killed Natasha
  2917 | D:3      | Reached XP level 5. HP: 28/28 MP: 4/16
  2924 | D:3      | Learned a level 5 spell: Iskenderun's Battlesphere
  2953 | D:3      | Noticed Natasha
  2955 | D:3      | Killed Natasha
  2955 | D:3      | Reached skill level 7 in Spellcasting
  3018 | D:3      | Reached skill level 1 in Charms
  3019 | D:3      | Noticed Natasha
  3019 | D:3      | Killed Natasha
  3039 | D:3      | Noticed a giant frog
  3046 | D:3      | Killed a giant frog
  3435 | D:3      | Reached XP level 6. HP: 32/32 MP: 6/18
  3570 | D:3      | Reached skill level 5 in Charms
  3636 | D:3      | Found a faded altar to an unknown god.
  3657 | D:3      | Reached skill level 5 in Conjurations
  3701 | D:2      | Found a shadowy altar of Dithmenos.
  3701 | D:2      | Found a shattered altar of Ashenzari.
  3784 | D:3      | Slain by a gnoll

Vault maps used:
D:1:      onia_arrival_handbag
D:2:      lemuel_round_altar, nicolae_overflow_hidden_temple, uniq_robin
D:3:      ecumenical_altar_1, uniq_crazy_yiuf_cottage, uniq_natasha

Action                   |  1- 3 |  4- 6 || total
-------------------------+-------+-------++-------
Melee: Unarmed           |    20 |    10 ||    30
 Cast: Magic Dart        |    83 |   165 ||   248
  Eat: Chunk             |       |     9 ||     9
